 Dungeon Crawl Stone Soup version 0.31-a0-426-g3a05650e59 (webtiles) character file.

Game seed: 3764384821823833178

6798 mopl the Carver (level 11, -7/66 HPs)
             Began as a Tengu Warper on July 30, 2023.
             Was an Elder of Okawaru.
             Killed by vampiric draining
             ... invoked by a vampire
              (11 damage)
             ... on level 10 of the Dungeon.
             The game lasted 00:13:10 (8394 turns).

mopl the Carver (Tengu Warper)                      Turns: 8394, Time: 00:13:11

Health: -7/66      AC: 10    Str: 16    XL:     11   Next: 5%
Magic:  14/16      EV: 20    Int: 13    God:    Okawaru [****..]
Gold:   532        SH: 11    Dex: 20    Spells: 1/16 levels left

rFire   . . .        a - +3 falchion
rCold   . . .        l - +0 kite shield
rNeg    + . .        k - +0 ring mail {rN+}
rPois   +            (helmet restricted)
rElec   .            F - +0 cloak
rCorr   .            f - +0 pair of gloves
SInv    .            (boots unavailable)
Will    .....        (no amulet)
Stlth   +++          s - +6 ring of dexterity
HPRegen 0.31/turn    g - ring of poison resistance
MPRegen 0.15/turn

%: no passive effects
@: heroic, flying quickly and evasively, quick
A: beak, talons 3, nimble flight
a: Renounce Religion, Heroism, Finesse


You were on level 10 of the Dungeon.
You worshipped Okawaru.
Okawaru was greatly pleased with you.
You visited 1 branch of the dungeon, and saw 10 of its levels.

You collected 746 gold pieces.
You spent 214 gold pieces at shops.

Inventory:

Hand Weapons
 a - a +3 falchion (weapon)
 b - a +1 dagger of draining
 J - a +0 dagger of venom
 L - a +0 scimitar
 R - a +0 hand axe of flaming
Missiles
 d - 7 darts of dispersal
 p - 27 poisoned darts (quivered)
 H - 7 boomerangs
 I - 4 throwing nets
 N - a curare-tipped dart
 P - 2 javelins
Armour
 f - a +0 pair of gloves (worn)
 k - a +0 ring mail of positive energy (worn)
 l - a +0 kite shield (worn)
 m - a +0 chain mail
 F - a +0 cloak (worn)
 M - a +0 plate armour
 T - +0 steam dragon scales
Jewellery
 g - a ring of poison resistance (right hand)
 r - a ring of protection from cold
 s - a +6 ring of dexterity (left hand)
Wands
 y - a wand of charming (3)
 B - a wand of flame (12)
 K - a wand of iceblast (15)
 O - a wand of acid (5)
 Q - a wand of mindburst (4)
Scrolls
 c - 3 scrolls of blinking
 i - 7 scrolls of fog {unknown}
 j - 3 scrolls of enchant armour {unknown}
 n - 3 scrolls of revelation
 o - 3 scrolls of amnesia {unknown}
 q - 2 scrolls of enchant weapon {unknown}
 u - 3 scrolls of noise {unknown}
 v - a scroll of torment {unknown}
 x - 2 scrolls of immolation
 z - 2 scrolls of teleportation
 D - a scroll of vulnerability {unknown}
 S - a scroll of poison {unknown}
Potions
 e - 2 potions of mutation {!q}
 h - a potion of invisibility
 t - 6 potions of curing {unknown}
 w - 3 potions of heal wounds
 A - a potion of haste
 C - 3 potions of lignification {unknown}
 E - 2 potions of might
 G - a potion of ambrosia
 U - 2 potions of cancellation {unknown}


   Skills:
 + Level 6.4(11.4) Fighting
 * Level 9.6(14.6) Long Blades
 + Level 5.1(10.1) Throwing
 + Level 6.7(11.7) Armour
 + Level 6.8(11.8) Dodging
 - Level 3.0 Spellcasting
 + Level 5.5 Translocations
 + Level 4.1 Invocations


You had one spell level left.
You knew the following spells:

 Your Spells              Type           Power      Damage    Failure   Level
a - Manifold Assault      Tloc           16%        N/A       71%         4
b - Lesser Beckoning      Tloc           32%        N/A       16%         2
c - Apportation           Tloc           32%        N/A       11%         1
e - Blink                 Tloc           32%        N/A       16%         2
f - Portal Projectile     Hex/Tloc       18%        N/A       67%         3
t - Teleport Other        Tloc           16%        N/A       30%         3

Your spell library contained the following spells:

 Spells                   Type           Power      Damage    Failure   Level
 Necrotise                Necr           4%         1d4       69%         1
 Vhi's Electric Charge    Tloc/Air       18%        N/A       67%         3
 Volatile Blastmotes      Fire/Tloc      18%        2d11      67%         3
 Cigotuvi's Dreadful Rot  Necr/Pois/Air  2%         N/A       83%         2
 Dazzling Flash           Conj/Hex       2%         N/A       96%         3
 Hailstorm                Conj/Ice       1%         3d3       96%         3
 Ignite Poison            Fire/Tmut/Pois 1%         N/A       96%         3
 Iskenderun's Mystic Bla  Conj/Tloc      9%         2d4       97%         4
 Leda's Liquefaction      Hex/Erth       0%         N/A       100%        4
 Agony                    Necr           1%         N/A       100%        5
 Freezing Cloud           Conj/Ice/Air   0%         6-21      100%        5
 Silence                  Hex/Air        0%         N/A       100%        5
 Starburst                Conj/Fire      0%         6d3       100%        6
 Maxwell's Capacitive Co  Air            0%         ∞         100%        8
 Summon Small Mammal      Summ           Unusable   N/A       N/A         1
 Call Canine Familiar     Summ           Unusable   N/A       N/A         3
 Tukima's Dance           Hex            Unusable   N/A       N/A         3
 Summon Ice Beast         Ice/Summ       Unusable   N/A       N/A         4
 Simulacrum               Ice/Necr       Unusable   N/A       N/A         6

Dungeon Overview and Level Annotations

Branches:
Dungeon (10/15)            Temple (0/1) D:4            Lair (0/5) D:8
    Orc (0/2) D:9

Altars:
Ashenzari
Dithmenos
Gozag
Hepliaklqana
Makhleb
Okawaru
Qazlal
Ru
Sif Muna
Trog
Xom

Shops:
D:3 ?   D:9 ([*


Innate Abilities, Weirdness & Mutations

You have a beak for a mouth.
You have claws for feet.
Your magical nature lets you fly swiftly and evasively.


Message History

You kill the orc!
Okawaru accepts your kill.
You hit the vampire. You claw the vampire, but do no damage.
You peck the vampire.
The vampire is moderately damaged.
The vampire hits you! The vampire bites you!
The vampire draws strength from your injuries!
The orc priest calls down the wrath of Beogh upon you.
Beogh smites you!
The orc priest invokes the aid of Beogh against you.
Beogh smites you!
You gain the combat prowess of a mighty hero.
You block the vampire's attack. x2
You hit the vampire but do no damage. You claw the vampire.
The vampire is lightly damaged.
You block the vampire's attack. The vampire completely misses you.
You slash the vampire! Your kick misses the vampire.
You peck the vampire, but do no damage.
The vampire is moderately damaged.
The vampire barely misses you. The vampire bites you.
The vampire draws strength from your injuries!
You hit the vampire. You peck the vampire, but do no damage.
The vampire is heavily damaged.
You hit the vampire but do no damage. You claw the vampire.
You peck the vampire.
The vampire is heavily damaged.
The vampire hits you but does no damage.
The vampire bites you!
* * * LOW HITPOINT WARNING * * *
The vampire draws strength from your injuries!
You slash the vampire! You claw the vampire, but do no damage.
The vampire is almost destroyed.
The orc priest calls down the wrath of Beogh upon you.
Beogh smites you!
* * * LOW HITPOINT WARNING * * *
You block the vampire's attack. The vampire misses you.
You hit the vampire but do no damage.
The vampire is almost destroyed.
The vampire draws life force from you!
You die...

##################
.................♣♣♣♣+♣♣♣
################oo.o.....'
#V♣.♣...♣. #@♣.♣ .♣ #.♣.♣
#.+.. ##♣♣♣


You could see a vampire, an orc priest and an orc wizard.

Vanquished Creatures
  2 two-headed ogres (D:8)
  A komodo dragon (D:8)
  Grinder (D:4)
  2 wyverns
  9 yaks
  2 wraiths (D:9)
  A steam dragon (D:9)
  Menkaure (D:5)
  Edmund (D:6)
  A water moccasin (D:8)
  An ice beast (D:5)
  A black bear (D:7)
  An orc warrior (D:8)
  2 sky beasts (D:7)
  A centaur (D:9)
  A phantom (D:6)
  2 kobold brigands
  A gnoll sergeant (D:9)
  2 bullfrogs
  4 scorpions
  4 wights (D:6)
  6 killer bees (D:9)
  4 electric eels (D:7)
  A howler monkey (D:5)
  2 hounds
  A jelly (D:7)
  Crazy Yiuf (D:6)
  4 orc priests
  A gnoll bouda (D:7)
  2 sleepcaps (D:7)
  4 iguanas
  12 orc wizards
  Robin (D:3)
  4 adders
  11 gnolls
  A white imp (D:8)
  3 ufetubi
  2 dart slugs
  25 orcs
  7 endoplasms
  4 giant cockroaches
  4 hobgoblins (D:1)
  12 jackals
  3 quokkas
  11 ball pythons
  5 bats
  4 frilled lizards
  16 goblins
  12 kobolds
  4 rats
208 creatures vanquished.

Vanquished Creatures (others)
  An orc wizard (D:7)
  An orc (D:7)
2 creatures vanquished.

Grand Total: 210 creatures vanquished

Notes
Turn   | Place    | Note
-------+----------+-------------------------------------------
     0 | D:1      | mopl the Tengu Warper began the quest for the Orb.
     0 | D:1      | Reached XP level 1. HP: 12/12 MP: 4/4
   234 | D:1      | Reached XP level 2. HP: 17/17 MP: 6/6
   463 | D:1      | Reached XP level 3. HP: 20/21 MP: 7/7
  1028 | D:2      | You fall into a shaft and drop 1 floor!
  1051 | D:3      | Found a hazy altar of Hepliaklqana.
  1061 | D:3      | Found a faded altar of an unknown god.
  1073 | D:3      | Prayed at the altar of an unknown god.
  1073 | D:3      | Became a worshipper of Ru the Awakened
  1102 | D:3      | Fell from the grace of Ru
  1119 | D:3      | Noticed Robin
  1147 | D:3      | Killed Robin
  1148 | D:3      | Reached skill level 2 in Armour
  1148 | D:3      | Reached XP level 4. HP: 17/27 MP: 8/8
  1208 | D:3      | Reached skill level 3 in Long Blades
  1295 | D:3      | Learned a level 2 spell: Blink
  1298 | D:3      | Learned a level 2 spell: Lesser Beckoning
  2115 | D:3      | Reached skill level 3 in Dodging
  2115 | D:3      | Gained mutation: Your magical nature lets you fly swiftly
                  | and evasively. [Tengu growth]
  2115 | D:3      | Reached XP level 5. HP: 31/31 MP: 9/9
  2170 | D:3      | Found Jawnuvi's Magic Scroll Boutique.
  2184 | D:3      | Bought a scroll of immolation for 52 gold pieces
  2184 | D:3      | Bought a scroll of identify for 26 gold pieces
  2184 | D:3      | Bought a scroll of teleportation for 39 gold pieces
  2533 | D:4      | Found an opulent altar of Gozag.
  2675 | D:4      | Found a staircase to the Ecumenical Temple.
  2860 | D:5      | Entered Level 5 of the Dungeon
  2938 | D:5      | Noticed Grinder
  2949 | D:5      | Paralysed by Grinder for 2 turns
  2978 | D:4      | Paralysed by Grinder for 4 turns
  2987 | D:4      | Killed Grinder
  2988 | D:4      | Reached skill level 3 in Fighting
  2988 | D:4      | Reached skill level 4 in Long Blades
  2988 | D:4      | Reached skill level 3 in Translocations
  2988 | D:4      | Reached XP level 6. HP: 14/37 MP: 9/11
  3081 | D:4      | Learned a level 3 spell: Teleport Other
  3085 | D:4      | Learned a level 3 spell: Portal Projectile
  3248 | D:5      | Reached skill level 3 in Armour
  3320 | D:4      | Reached skill level 3 in Spellcasting
  3320 | D:4      | Reached XP level 7. HP: 41/41 MP: 12/12
  3405 | D:5      | Reached skill level 5 in Long Blades
  3441 | D:5      | Reached skill level 4 in Dodging
  3530 | D:5      | Noticed Menkaure
  3538 | D:5      | Killed Menkaure
  3539 | D:5      | Reached XP level 8. HP: 27/48 MP: 13/13
  3729 | D:5      | Reached skill level 4 in Fighting
  3954 | D:3      | Bought a scroll of revelation for 97 gold pieces
  4036 | D:6      | Found an iron altar of Okawaru.
  4051 | D:6      | Reached skill level 4 in Armour
  4054 | D:6      | Found a shadowy altar of Dithmenos.
  4065 | D:6      | Became a worshipper of Warmaster Okawaru
  4144 | D:6      | Noticed a yak
  4144 | D:6      | Noticed a yak
  4144 | D:6      | Noticed a yak
  4156 | D:6      | Noticed a yak
  4160 | D:6      | Killed a yak
  4161 | D:6      | Reached skill level 6 in Long Blades
  4161 | D:6      | Reached skill level 2 in Throwing
  4172 | D:6      | Killed a yak
  4173 | D:6      | Reached skill level 4 in Translocations
  4322 | D:5      | Killed a yak
  4322 | D:5      | Reached * piety under Okawaru
  4323 | D:5      | Reached skill level 1 in Invocations
  4427 | D:6      | Killed a yak
  4428 | D:6      | Reached XP level 9. HP: 39/52 MP: 14/14
  4527 | D:6      | Found a bloodstained altar of Trog.
  4565 | D:6      | Noticed Edmund
  4604 | D:6      | Killed Edmund
  4605 | D:6      | Reached skill level 5 in Dodging
  4742 | D:6      | Reached skill level 3 in Throwing
  4784 | D:6      | Reached skill level 7 in Long Blades
  4788 | D:6      | Reached ** piety under Okawaru
  5010 | D:6      | Found a runed translucent door.
  5011 | D:6      | Noticed Crazy Yiuf
  5100 | D:6      | Killed Crazy Yiuf
  5221 | D:7      | Found a shimmering blue altar of Sif Muna.
  5237 | D:7      | Reached skill level 5 in Fighting
  5237 | D:7      | Reached skill level 5 in Armour
  5237 | D:7      | Reached skill level 2 in Invocations
  6022 | D:7      | Reached *** piety under Okawaru
  6502 | D:8      | Found a stormy altar of Qazlal.
  6545 | D:8      | Reached skill level 8 in Long Blades
  6595 | D:8      | Noticed a two-headed ogre
  6605 | D:8      | Killed a two-headed ogre
  6605 | D:8      | Reached **** piety under Okawaru
  6606 | D:8      | Reached skill level 4 in Throwing
  6606 | D:8      | Reached skill level 6 in Dodging
  6606 | D:8      | Reached skill level 5 in Translocations
  6606 | D:8      | Reached skill level 3 in Invocations
  6606 | D:8      | Reached XP level 10. HP: 60/60 MP: 12/15
  6608 | D:8      | Learned a level 1 spell: Apportation
  6613 | D:8      | Learned a level 4 spell: Manifold Assault
  6788 | D:8      | Found a broken altar of Ashenzari.
  6982 | D:8      | Found a staircase to the Lair.
  7022 | D:8      | Found a sacrificial altar of Ru.
  7047 | D:8      | Noticed a two-headed ogre
  7058 | D:8      | Killed a two-headed ogre
  7058 | D:8      | Received a gift from Okawaru
  7059 | D:8      | Reached skill level 6 in Fighting
  7059 | D:8      | Reached skill level 6 in Armour
  7121 | D:8      | Found a burning altar of Makhleb.
  7189 | D:8      | Found a shimmering altar of Xom.
  7510 | D:9      | Reached skill level 9 in Long Blades
  7882 | D:9      | Found Plog's Gadget Gallery.
  7930 | D:9      | Reached skill level 5 in Throwing
  7941 | D:9      | Reached skill level 4 in Invocations
  8011 | D:9      | Reached XP level 11. HP: 42/66 MP: 16/16
  8238 | D:9      | Found a staircase to the Orcish Mines.
  8239 | D:9      | Found Reamupn's Armour Boutique.
  8240 | D:9      | Found Fuaduasa's Weapon Boutique.
  8300 | D:10     | Entered Level 10 of the Dungeon
  8394 | D:10     | Killed from afar by a vampire

Illustrated notes

Levels and vault maps discovered:
D:1:      dpeg_arrival_yet_another_circle, layout_basic
D:2:      layout_basic
D:3:      layout_loops_ring, beargit_hepliaklqana_dungeon_heroes, serial_shops,
          shop, uniq_robin
D:4:      layout_rooms, mainiacjoe_overflow_concentric_impassable,
          temple_hall_moat, dk_noncrumbling_3, small_statue_intersection
D:5:      layout_rooms, uniq_menkaure, uniq_grinder
D:6:      layout_rooms, trog_book, mainiacjoe_overflow_catwalk_spiral,
          chequers_serial_rivers_micro_d, uniq_edmund, uniq_crazy_yiuf_cottage
D:7:      layout_rooms, overflow_temple_1_default, chequers_big_river,
          serial_bayou_pond_c, minmay_misc_feat_doors, grunt_ministairs_8
D:8:      layout_loops_ring, tgw_xom, mainiacjoe_overflow_alcove_1,
          nicolae_qazlal_scattered_showers, nicolae_ru_great_annihilating_truth,
          ashenzari_conservatory_becter, david_lair_shrubbed
D:9:      layout_rooms, orc_david_3, dk_vineyard_2, nicolae_shop_gadgets
D:10:     layout_basic, fedhas_altar_4, mainiacjoe_overflow_six_doors_small

Skill      XL: |  1  2  3  4  5  6  7  8  9 10 |
---------------+-------------------------------+-----
Armour         | 2 3 4 5 6 |  6.7
Long Blades    | 3 4 5 6 8 9 |  9.6
Dodging        | 3 4 6 |  6.8
Fighting       | 3 4 5 6 |  6.4
Translocations | 3 4 5 |  5.5
Spellcasting   | 3 |  3.0
Throwing       | 2 4 5 |  5.1
Invocations    | 1 3 4 |  4.1

Action                     |  1- 3 |  4- 6 |  7- 9 | 10-12 || total
---------------------------+-------+-------+-------+-------++-------
  Melee: Falchion          |    68 |    34 |   254 |   224 ||   580
         Kick              |    23 |    35 |    94 |    73 ||   225
         Peck              |    16 |    11 |    53 |    49 ||   129
         Dagger            |    31 |    79 |       |       ||   110
  Throw: Dart              |       |     4 |    20 |    12 ||    36
 Invoke: Renounce Religion |     1 |       |       |       ||     1
         Heroism           |       |       |     1 |     8 ||     9
Ability: Begin Untransform |     1 |       |       |       ||     1
  Evoke: Wand              |       |       |    11 |       ||    11
    Use: Scroll            |       |       |     3 |     4 ||     7
   Stab: Sleeping          |     2 |       |     2 |       ||     4
         Distracted        |       |       |       |     1 ||     1
         Invisible         |       |       |       |     1 ||     1
         Paralysed         |       |       |       |     1 ||     1
 Armour: Leather armour    |    23 |       |       |       ||    23
         Ring mail         |    12 |    48 |    57 |    47 ||   164
  Dodge: Dodged            |    55 |    44 |   107 |   121 ||   327
  Block: Kite shield       |       |    41 |   105 |   101 ||   247
   Form: Beast             |     1 |       |       |       ||     1

Table legend: (Time is in decaauts)
 A = Elapsed time spent in this place.
 B = Non-inter-level travel time spent in this place.
 C = Inter-level travel time spent in this place.
 D = Time resting spent in this place.
 E = Time spent auto-exploring this place.
 F = Levels seen in this place.
 G = Mean time per level.
                   A        B        C        D        E       F      G
               +--------+--------+--------+--------+--------+-----+--------+
         Total |   8118 |   7708 |    410 |   2155 |   3766 |  10 |  811.8 |
       Dungeon |   8118 |   7708 |    410 |   2155 |   3766 |  10 |  811.8 |
               +--------+--------+--------+--------+--------+-----+--------+

Top non-repeatable levels by time:
     D:7: 1108 daAuts
     D:6: 1046 daAuts
     D:1: 1038 daAuts
     D:5: 992 daAuts
     D:3: 975 daAuts
     D:9: 870 daAuts
     D:8: 824 daAuts
     D:4: 682 daAuts
     D:2: 492 daAuts
    D:10: 86 daAuts
